Map: Romanticide LE

Players

Covid - Winner!

  • Race: Terran Terran
  • League: Platinum
  • Spawn Location: 11:00

Massa

  • Race: Terran Terran
  • League: Platinum
  • Spawn Location: 5:00

VOD

Have the link to the VOD?

Description

Time

  • Played on: Oct. 3, 2020, 5:54 a.m.
  • Length: 26:55
Show
View Real Time Build Order
Export as new Build Order

Covid Terran - Winner!

Build Orders: Mech 

Get SALT Encoding   

  12  0:00  SCV  
  13  0:13  SCV  
  14  0:18  Supply Depot  
  14  0:25  SCV  
  14  0:28  Refinery  
  15  0:41  Barracks  
  15  0:48  SCV  
  16  0:51  Refinery  
  16  1:00  SCV  
  17  1:12  SCV  
  18  1:24  SCV  
  19  1:35  Ghost Academy  
  19  1:39  Marine  
  19  1:43  Supply Depot  
  20  1:50  Orbital Command  
  20  2:05  Personal Cloaking  
  20  2:14  Barracks Tech Lab  
  20  2:26  SCV  
  20  2:29  Supply Depot  
  21  2:34  Ghost  
  23  2:38  SCV  
  24  2:50  SCV  
  24  3:00  Factory  
  24  3:03  Marine  
  24  3:04  Ghost Academy  
  25  3:21  SCV  
  26  3:33  SCV  
  27  3:44  Nuke x2, Ghost  
  29  3:56  Command Center  
  29  3:59  Factory Tech Lab  
  29  4:03  SCV  
  30  4:22  Siege Tank  
  33  4:28  Factory  
  33  4:30  Supply Depot  
  33  4:34  Marine  
  30  5:18  Cyclone  
  30  5:19  Hellion  
  35  5:22  Engineering Bay  
  35  5:24  Factory  
  35  5:25  Marine  
  36  5:43  Reaper  
  36  5:44  Starport  
  36  5:47  Orbital Command  
  23  6:18  SCV x2  
  25  6:30  SCV x2, Command Center, Siege Tank  
  25  6:31  Factory Tech Lab  
  32  6:32  Hellion  
  32  6:33  Marine  
  31  6:51  SCV x2  
  33  7:03  SCV x2  
  35  7:09  Hellion x3  
  35  7:15  SCV x2  
  43  7:27  SCV  
  43  7:30  Hellion  
  43  7:32  SCV  
  46  7:39  SCV  
  47  7:44  SCV  
  48  7:51  SCV  
  48  7:56  SCV  
  50  8:03  SCV  
  51  8:08  SCV  
  51  8:09  Hellion x3  
  59  8:15  SCV  
  59  8:20  Orbital Command, SCV  
  60  8:27  SCV  
  60  8:28  Missile Turret  
  60  8:31  Hellion x2  
  60  8:32  SCV  
  66  8:40  SCV  
  67  8:44  SCV  
  68  8:52  SCV  
  69  8:56  SCV  
  69  8:59  Siege Tank x2  
  69  9:00  Factory Reactor  
  76  9:03  Starport Tech Lab  
  76  9:04  SCV  
  77  9:10  Supply Depot  
  77  9:11  Supply Depot  
  77  9:13  Supply Depot  
  77  9:14  Supply Depot  
  77  9:15  Supply Depot  
  77  9:21  Hi-Sec Auto Tracking  
  77  9:25  Refinery  
  77  9:27  Refinery  
  77  9:32  SCV x3  
  77  9:34  Missile Turret  
  80  9:40  Starport  
  80  9:44  SCV x3  
  83  9:56  SCV x3  
  83  9:58  Siege Tank  
  83  9:59  Hellion x2  
  93  10:05  Viking  
  95  10:08  SCV x3  
  98  10:20  SCV x3  
  101  10:24  Refinery  
  101  10:26  Refinery, Hellion x2  
  101  10:27  Siege Tank  
  110  10:30  Starport Reactor  
  110  10:34  Armory  
  107  10:45  Armory  
  107  10:47  Hellion  
  107  10:48  Hellion  
  111  11:00  Siege Tank x2  
  117  11:08  SCV x3  
  117  11:09  Hellion x2  
  124  11:16  Supply Depot  
  124  11:18  Supply Depot x2  
  124  11:19  Supply Depot x2  
  124  11:20  SCV  
  125  11:34  Terran Vehicle And Ship Armor Level 1, Terran Vehicle Weapons Level 1  
  125  11:38  SCV x2, Viking x3  
  133  11:58  Command Center  
  133  12:13  SCV x2  
  133  12:15  Siege Tank x2  
  141  12:16  Hellion x2, Viking  
  141  12:17  Raven, Viking  
  148  12:46  Viking x2  
  137  13:24  Siege Tank  
  137  13:25  Hellion x2, Siege Tank  
  147  13:28  Terran Vehicle And Ship Armor Level 2, Terran Vehicle Weapons Level 2  
  147  13:36  Factory  
  147  13:37  Factory x2  
  147  13:39  Orbital Command  
  147  13:42  Factory  
  147  13:44  SCV x3  
  150  13:50  Supply Depot  
  150  13:51  Hellion x2, Supply Depot  
  154  13:56  SCV, Raven, Viking x2  
  154  13:57  Siege Tank  
  164  14:13  Supply Depot  
  164  14:15  Supply Depot  
  160  14:26  Viking  
  160  14:28  Factory Tech Lab x4  
  162  14:36  Supply Depot  
  161  14:45  Viking x2  
  163  14:56  Viking  
  146  15:27  Viking x3  
  151  15:28  Siege Tank x3  
  151  15:29  Siege Tank x3  
  151  15:30  Hellion  
  151  15:31  Hellion  
  164  15:52  Hellion x2  
  164  15:57  Viking  
  164  16:00  Siege Tank  
  169  16:04  Siege Tank  
  169  16:05  Siege Tank x4  
  184  16:13  Hellion x2  
  155  16:32  Refinery  
  155  16:34  Hellion  
  155  16:35  Hellion  
  159  16:43  Sensor Tower  
  159  16:52  Terran Vehicle And Ship Armor Level 3, Terran Vehicle Weapons Level 3  
  159  17:03  Refinery  
  159  17:08  Siege Tank x2  
  159  17:09  Siege Tank  
  159  17:10  Hellion x4  
  159  17:13  Hellion  
  178  17:31  Hellion x4  
  178  17:35  Hellion  
  188  17:41  Hellion x3  
  194  17:45  Command Center  
  194  17:48  Command Center  
  194  17:52  Hellion  
  136  19:00  Viking x3  
  142  19:30  Viking x3  
  146  19:48  Hellion x2  
  146  19:49  Hellion  
  143  20:00  Viking x3  
  137  20:39  Orbital Command  
  137  20:51  Hellion  
  137  20:52  Hellion x7  
  145  21:13  Hellion x8  
  158  21:34  Hellion, Siege Tank x2  
  158  21:35  Hellion x2, Siege Tank x3  
  173  21:50  Starport  
  173  21:51  Starport  
  173  21:53  Starport x2  
  173  21:54  Starport  
  173  21:55  Starport  
  173  21:56  Starport, Siege Tank  
  173  22:06  Siege Tank  
  173  22:07  Siege Tank  
  179  22:19  Terran Ship Weapons Level 1  
  169  23:18  Starport Tech Lab x6  
  169  23:19  Starport Tech Lab  
  169  23:24  Fusion Core  
  169  23:39  Unknown  
  123  24:35  Refinery  
  123  24:40  Refinery  
  123  24:51  Siege Tank  
  123  24:52  Siege Tank x5  
  141  25:00  Orbital Command  
  137  25:23  Siege Tank  
  137  25:24  Siege Tank x5  
  146  25:56  Siege Tank x6  
Show
View Real Time Build Order
Export as new Build Order

Massa Terran 

Build Orders: Reaper Expand 

Get SALT Encoding   

  12  0:00  SCV  
  13  0:12  SCV  
  14  0:19  Supply Depot  
  14  0:24  SCV  
  15  0:41  SCV  
  15  0:42  Barracks  
  16  0:52  Refinery  
  16  0:53  SCV  
  16  0:56  Refinery  
  17  1:05  SCV  
  18  1:17  SCV  
  19  1:31  Reaper  
  21  1:33  Orbital Command  
  20  1:58  Command Center  
  20  2:09  Factory  
  20  2:11  Marine  
  21  2:36  Barracks Reactor  
  21  2:38  SCV  
  22  2:50  SCV  
  23  2:51  Supply Depot  
  23  2:58  Command Center  
  23  3:10  Starport, SCV  
  24  3:22  Orbital Command  
  24  3:25  SCV  
  25  3:32  Hellion  
  27  3:37  Hellion  
  27  3:40  SCV  
  30  3:49  SCV  
  30  3:53  SCV, Hellion  
  34  4:01  SCV  
  34  4:12  Orbital Command, Barracks  
  34  4:16  Hellion x2  
  38  4:19  Medivac  
  38  4:23  SCV  
  38  4:24  SCV  
  42  4:35  SCV  
  42  4:36  SCV  
  42  4:38  SCV, Hellion x2  
  49  4:39  Engineering Bay  
  49  4:45  Barracks Tech Lab  
  49  4:49  Medivac  
  51  5:24  Missile Turret  
  51  5:27  Missile Turret  
  51  5:29  Missile Turret  
  51  5:30  Barracks Reactor  
  51  5:39  Missile Turret  
  43  6:15  Marine x2  
  43  6:16  Orbital Command, Marine x2  
  47  6:20  Barracks  
  47  6:25  Command Center  
  47  6:27  SCV x2  
  49  6:33  Marine x4  
  49  6:39  SCV x2  
  55  6:40  Siege Tank  
  58  6:48  Starport Tech Lab, Missile Turret  
  58  6:51  SCV x2, Marine  
  58  6:52  Missile Turret  
  61  6:57  Terran Infantry Weapons Level 1  
  61  6:58  Missile Turret  
  61  7:01  Armory  
  61  7:08  Barracks Tech Lab  
  61  7:09  Missile Turret  
  61  7:11  Supply Depot  
  61  7:12  Supply Depot  
  61  7:13  Missile Turret  
  61  7:14  Orbital Command  
  61  7:18  Supply Depot  
  61  7:20  Missile Turret  
  61  7:21  SCV  
  59  7:33  Siege Tank  
  59  7:36  Supply Depot  
  62  7:41  Missile Turret  
  62  7:44  Sensor Tower  
  62  7:56  Orbital Command  
  62  8:07  Orbital Command  
  62  8:11  SCV x2  
  64  8:23  SCV x2  
  64  8:26  Marauder, Marine x4  
  72  8:27  Refinery  
  72  8:28  Refinery, Stimpack  
  72  8:30  Siege Tank  
  72  8:31  Raven  
  77  8:35  SCV  
  77  8:36  SCV x3  
  81  8:44  Marine x2  
  81  8:47  SCV, Marauder  
  81  8:48  SCV x3  
  89  8:52  Missile Turret  
  89  9:00  Sensor Tower  
  89  9:02  Siege Tank  
  92  9:09  Marauder, Missile Turret  
  94  9:12  Marine  
  94  9:13  Marine x3  
  98  9:22  Refinery  
  98  9:23  SCV x4  
  102  9:26  Refinery  
  102  9:30  Barracks, Marauder, Marine x4  
  108  9:34  Barracks  
  108  9:36  Barracks, Engineering Bay  
  108  9:38  Terran Infantry Armor Level 1  
  108  9:44  Barracks  
  108  9:49  Supply Depot  
  108  9:50  Supply Depot x2  
  108  10:11  SCV x3, Marauder, Siege Tank  
  108  10:12  SCV  
  117  10:14  Viking, Supply Depot x2  
  117  10:18  Supply Depot  
  119  10:21  Starport  
  119  10:23  Barracks Reactor, SCV x3, Barracks Tech Lab  
  119  10:24  SCV  
  119  10:25  Barracks Reactor  
  119  10:28  Terran Vehicle And Ship Armor Level 1  
  123  10:29  Terran Infantry Weapons Level 2  
  123  10:34  Barracks Tech Lab  
  123  10:36  Supply Depot  
  123  10:40  Supply Depot  
  123  10:43  Supply Depot, Siege Tank  
  123  10:44  Viking  
  127  10:54  SCV x3  
  130  11:05  Orbital Command, Starport Reactor  
  130  11:06  SCV x3  
  130  11:10  Supply Depot  
  133  11:14  Viking  
  133  11:15  Missile Turret  
  133  11:16  Missile Turret  
  133  11:18  SCV  
  136  11:19  Missile Turret  
  136  11:20  Missile Turret x2  
  136  11:37  SCV x4  
  140  11:44  Viking  
  142  11:48  Command Center  
  142  11:49  SCV x3  
  142  11:50  SCV  
  142  12:01  SCV  
  133  12:20  Concussive Shells, Combat Shield  
  117  12:37  Marauder, Marine  
  117  12:38  Marauder x2, Marine x7  
  128  12:55  Marine  
  128  12:56  Marine x7  
  126  12:58  Marauder  
  126  12:59  Marauder x2  
  128  13:13  Marine  
  128  13:14  Marine x7  
  128  13:19  Siege Tank  
  121  13:20  Marauder x3  
  121  13:26  Supply Depot  
  123  13:27  Viking, Supply Depot x2  
  123  13:28  Viking x2, Supply Depot  
  123  13:30  Supply Depot x2  
  123  13:31  Marine x7  
  123  13:32  Marine  
  139  13:41  Marauder  
  139  13:42  Marauder x2  
  139  13:43  SCV x4  
  147  13:49  Marine x4  
  147  13:51  Supply Depot, Sensor Tower, Siege Tank  
  147  13:52  Supply Depot  
  147  13:53  Supply Depot  
  147  13:55  SCV x4, Supply Depot  
  158  13:57  Viking  
  158  13:58  Viking x2  
  158  14:02  Marine  
  165  14:03  Marine x2  
  152  14:17  Orbital Command, Marine  
  152  14:18  Marine x2  
  152  14:19  Marine x5  
  152  14:20  Marauder  
  152  14:21  Marauder x2  
  152  14:23  Siege Tank  
  167  14:27  Viking  
  167  14:28  Viking  
  171  14:34  Marine  
  171  14:36  Marine x2  
  171  14:37  Marine x5  
  179  14:42  Marauder x3  
  183  14:49  Viking  
  183  14:52  Marine  
  181  14:54  Marine x2  
  181  14:55  Marine x5  
  181  14:57  Viking  
  181  14:58  Viking  
  193  15:03  Marauder, Marine x2  
  195  15:12  Planetary Fortress  
  193  15:15  SCV x4  
  193  15:19  Viking  
  198  15:27  SCV x4, Viking  
  198  15:28  Command Center  
  172  15:39  SCV  
  151  15:54  Viking x2  
  145  15:57  Viking  
  145  16:03  SCV x5  
  150  16:06  Marauder x3, Marine  
  150  16:07  Marine x7  
  162  16:15  SCV x5  
  140  16:24  Marine, Viking  
  140  16:25  Marine x7  
  149  16:27  SCV, Marauder  
  149  16:28  Marauder x2  
  156  16:35  Raven, Command Center  
  156  16:36  Viking  
  156  16:39  Planetary Fortress  
  160  16:42  SCV x3, Marine  
  160  16:43  Marine x6  
  170  16:49  Marauder x3  
  176  16:54  Viking  
  176  16:58  Refinery  
  176  16:59  Refinery  
  178  17:06  Viking  
  180  17:10  Marauder  
  180  17:11  Marauder x2  
  186  17:18  Viking  
  188  17:27  Marine  
  188  17:28  Marine x5  
  188  17:29  Marine x2  
  196  17:32  Marauder x2  
  196  17:33  Terran Infantry Armor Level 2, Terran Infantry Weapons Level 3  
  196  17:36  Terran Vehicle And Ship Armor Level 2  
  200  17:40  Armory  
  200  17:44  Refinery  
  200  17:46  Refinery  
  200  18:01  Command Center  
  198  18:40  Marauder x3, Marine  
  198  18:41  Marine x7  
  124  18:52  Viking x3  
  124  18:58  Marine x5  
  124  18:59  Marine x3  
  124  19:01  Marauder  
  124  19:02  Marauder x2  
  130  19:12  Planetary Fortress  
  130  19:16  Marine x8  
  138  19:22  Marauder, Viking x3  
  138  19:23  Marauder x2  
  150  19:34  Marine x8  
  157  19:44  Marauder x3  
  162  19:51  Marine  
  162  19:52  Marine x2  
  159  20:04  Marine  
  159  20:05  Marauder, Marine x4  
  159  20:06  Marauder x2  
  166  20:07  Siege Tank  
  166  20:09  Marine  
  166  20:10  Marine x2  
  162  20:22  Marine  
  162  20:23  Marine x4  
  162  20:27  Marauder x3, Marine  
  161  20:36  Marine x2  
  161  20:39  Siege Tank  
  161  20:40  Marine  
  161  20:41  Marine x4  
  160  20:45  Marine  
  160  20:48  Marauder  
  160  20:49  Marauder x2  
  167  20:58  Command Center  
  167  21:03  Command Center  
  163  21:04  Supply Depot  
  163  21:07  Supply Depot x2  
  163  21:09  Supply Depot  
  163  21:10  SCV, Marine x4, Supply Depot  
  163  21:11  Marine x2  
  154  21:12  Marine, Supply Depot x3  
  154  21:20  Marine x3  
  154  21:25  Thor  
  154  21:26  Marauder  
  154  21:28  Marine x2  
  154  21:30  Supply Depot  
  154  21:31  Supply Depot  
  164  21:33  Supply Depot  
  164  21:38  Marine  
  164  21:51  Marauder x3, Marine x3  
  164  21:52  Marine x4  
  177  21:56  Marine  
  178  22:08  Thor  
  172  22:09  Marine x3  
  172  22:10  Marine x2  
  172  22:12  Marauder x2  
  172  22:13  Marauder  
  184  22:23  Marine x3  
  184  22:26  Marine  
  184  22:27  Marine  
  184  22:28  Planetary Fortress  
  189  22:34  Marauder x3, Viking x2  
  180  22:55  Marauder x3  
  185  23:10  Command Center  
  185  23:16  Marauder  
  185  23:17  Marauder x2  
  183  23:38  Marauder x2  
  178  24:07  Marauder  
  178  24:08  Marauder x2  
  79  24:13  SCV  
  69  24:29  Marauder x3  
  69  24:30  Orbital Command  
  73  24:34  SCV x4  
  73  24:35  SCV  
  78  24:42  Marine  
  79  24:46  SCV  
  79  24:50  Marauder  
  79  24:51  Marauder x2  
  86  24:57  Orbital Command  
  86  25:01  Siege Tank  
  86  25:06  Marine  
  86  25:07  Marine x7  
  90  25:12  Marauder x3  
  97  25:24  Marine x2  
  97  25:25  Marine x6  
  105  25:33  Marauder x2, Marine, Siege Tank  
  113  25:40  Medivac x3  
  113  25:42  Marine x2  
  90  26:05  Siege Tank  
  90  26:06  Marine  
  90  26:07  Marauder x3, Marine x4  
  90  26:10  Medivac x2  
  103  26:13  Orbital Command  
  100  26:25  SCV  
  100  26:28  Marauder x2  
  103  26:38  SCV  
Tags
 
Composition
Mech
Matchup
TvT
Race
Terran
Replay Pack
Multiplayer
Spawn Locations
Cross Positions
Add a new tag
Caveats
  • Supply blocks, unpowered buildings, or Contaminate may cause inaccurate times.
  • Supply counts are checked every 10 seconds.